 Dungeon Crawl Stone Soup version 0.25-a0-719-gde951dce62 (webtiles) character file.

Game seed: 9933995864200054106, levelgen mode: deterministic

259 kae the Ruffian (level 5, -1/40 HPs)
             Began as a Draconian Transmuter on Apr 6, 2020.
             Killed by nerve-wracking pain
             ... invoked by an orc priest
              (7 damage)
             ... on level 4 of the Dungeon.
             The game lasted 00:03:10 (3041 turns).

kae the Ruffian (Draconian Transmuter)              Turns: 3041, Time: 00:03:10

Health: -1/40      AC:  2    Str: 13    XL:     5   Next: 94%
Magic:  4/9        EV: 19    Int: 14    God:
Gold:   176        SH:  0    Dex: 16    Spells: 0/10 levels left

rFire    . . .     SeeInvis .     - Unarmed
rCold    . . .     Gourm    .   (shield currently unavailable)
rNeg     . . .     Faith    .   (armour unavailable)
rPois    x         Spirit   .   (helmet currently unavailable)
rElec    .         Reflect  .   (cloak currently unavailable)
rCorr    .         Harm     .   (gloves currently unavailable)
MR       .....                  (boots currently unavailable)
Stlth    ++........             (no amulet)
HPRegen  0.13/turn              l - ring of wizardry
MPRegen  0.11/turn              n - ring of stealth

@: spider-form (expiring), very slightly contaminated
A: tiny, unfitting armour, AC +5
a: End Transformation


You were on level 4 of the Dungeon.
You were hungry.
You were a venomous arachnid creature.
You visited 1 branch of the dungeon, and saw 4 of its levels.

You collected 176 gold pieces.

Inventory:

Hand Weapons
 h - a +3 dagger (melded)
Missiles
 a - 27 arrows
Jewellery
 j - an uncursed ring of protection from cold
 l - a ring of wizardry (left front leg)
 n - a ring of stealth (right front leg)
 r - an uncursed amulet of magic regeneration {unknown}
Scrolls
 f - a scroll of noise {unknown}
 g - 5 scrolls of remove curse {unknown}
 k - a scroll of blinking {unknown}
 m - a scroll of enchant weapon {unknown}
 t - a scroll of random uselessness {unknown}
 u - a scroll of enchant armour {unknown}
 v - a scroll of immolation {unknown}
Potions
 b - a potion of magic
 d - 2 potions of brilliance
 i - a potion of curing
 o - a potion of flight
 q - a potion of cancellation
 s - a potion of haste
 w - a potion of heal wounds {unknown}
Comestibles
 c - 9 rations
 p - 3 chunks of flesh


   Skills:
 - Level 1.1 Fighting
 - Level 1.7 Dodging
 * Level 5.2 Unarmed Combat
 + Level 3.3 Spellcasting
 + Level 3.5 Transmutations


You couldn't memorise any spells.
You knew the following spells:

 Your Spells              Type           Power        Failure   Level  Hunger
a - Beastly Appendage     Tmut           ##....       6%          1    #......
b - Sticks to Snakes      Tmut           ##......     9%          2    ##.....
c - Spider Form           Tmut/Pois      #.........   24%         3    ###....
d - Ice Form              Ice/Tmut       #.......     54%         4    #####..

Your spell library contained the following spells:

 Spells                   Type           Power        Failure   Level  Hunger
 Blade Hands              Tmut           ##........   63%         5    ######.


Dungeon Overview and Level Annotations

Branches:
Dungeon (4/15)
 Temple: D:4-7

Altars:
Ru


Innate Abilities, Weirdness & Mutations

((Your plain brown scales are hard. (AC +5)))
You cannot fit into any form of body armour.
((You are cold-blooded and may be slowed by cold attacks.))


Message History

You hit the orc priest but do no damage.
The orc priest is poisoned.
The orc priest casts a cantrip, but nothing happens.
You hit the orc priest.
The orc priest is moderately wounded.
You hit the orc priest but do no damage.
The orc priest looks as sick as possible!
The orc priest is moderately wounded.
Your transformation is almost over.
The orc priest hits you with a +0 flail.
* * * LOW HITPOINT WARNING * * *
You hit the orc priest.
The orc priest is heavily wounded.
The orc priest hits you with a +0 flail.
* * * LOW HITPOINT WARNING * * *
You barely miss the orc priest.
The orc priest is heavily wounded.
The orc priest calls down the wrath of Beogh upon you.
Pain shoots through your body!
You die...

#...# #..#.##..## #...#
####..#.##..# #...#
#............
#####...###.##..#..#..#.
......................
.......รท..............
..............###..###
#####...###.### ..#
#.###s##..! .... #.
#o###### ## #. #o#
#..o## #... ##.# .. ...
..#


You could see an orc priest and 2 orcs.

Vanquished Creatures
  A bullfrog skeleton (D:4)
  Natasha (thrice) (D:2)
  An iguana (D:4)
  4 adders
  An ooze (D:4)
  2 worms (D:3)
  A dart slug (D:3)
  A leopard gecko (D:3)
  8 orcs
  A ball python (D:3)
  4 giant cockroaches
  6 hobgoblins (D:1)
  4 jackals (D:3)
  7 kobolds
  2 quokkas
  9 bats
  A frilled lizard (D:2)
  6 goblins
  9 rats
71 creatures vanquished.

Vanquished Creatures (collateral kills)
  An adder (D:3)
  A worm (D:2)
  A hobgoblin (D:3)
3 creatures vanquished.

Grand Total: 74 creatures vanquished

Notes
Turn   | Place    | Note
-------+----------+-------------------------------------------
     0 | D:1      | kae the Draconian Transmuter began the quest for the Orb.
     0 | D:1      | Reached XP level 1. HP: 16/16 MP: 3/3
   210 | D:1      | Reached XP level 2. HP: 16/23 MP: 3/5
  1070 | D:2      | Noticed Natasha
  1082 | D:2      | Noticed a crimson imp
  1104 | D:1      | Learned a level 2 spell: Sticks to Snakes
  1332 | D:2      | Killed Natasha
  1332 | D:2      | Reached XP level 3. HP: 18/28 MP: 2/6
  1337 | D:2      | Learned a level 3 spell: Spider Form
  1397 | D:2      | Noticed Natasha
  1410 | D:2      | Killed Natasha
  1410 | D:2      | Reached skill level 4 in Unarmed Combat
  1410 | D:2      | Reached XP level 4. HP: 19/35 MP: 3/7
  1819 | D:2      | Noticed Natasha
  1829 | D:2      | Killed Natasha
  2123 | D:3      | Reached XP level 5. HP: 28/40 MP: 5/9
  2376 | D:3      | Found a sacrificial altar of Ru.
  2963 | D:4      | Reached skill level 5 in Unarmed Combat
  2972 | D:4      | Learned a level 4 spell: Ice Form
  3041 | D:4      | Killed from afar by an orc priest

Levels and vault maps discovered:
D:1:      minmay_arrival_split_and_join, layout_loops_ring
D:2:      layout_basic, first_ration, uniq_natasha
D:3:      layout_basic, marbit_many_paths, grunt_ministairs_1
D:4:      black_bear_nest_2, layout_loops_cross

Skill      XL: |  1  2  3  4  5 |
---------------+----------------+-----
Unarmed Combat | 4 5 |  5.2
Transmutations | 3 |  3.5
Spellcasting   | 3 |  3.3
Fighting       | |  1.1
Dodging        | |  1.7

Action                   |  1- 3 |  4- 6 || total
-------------------------+-------+-------++-------
Melee: Unarmed           |    13 |    45 ||    58
       Dagger            |    51 |   132 ||   183
       Tailslap          |    10 |    12 ||    22
       Headbutt          |     6 |     5 ||    11
       Kick              |     5 |     8 ||    13
       Punch             |     1 |       ||     1
 Cast: Beastly Appendage |    16 |    16 ||    32
       Sticks to Snakes  |     4 |     3 ||     7
       Spider Form       |       |     5 ||     5
  Use: Scroll            |       |     6 ||     6
  Eat: Chunk             |     2 |     6 ||     8
Armor: Skin              |    20 |    52 ||    72
Dodge: Dodged            |    57 |   131 ||   188

Table legend:
 A = Non-vault XP
 B = Vault XP
 C = Vault XP percentage of total XP
 D = Non-vault monster count
 E = Vault monster count
 F = Vault count percentage of total count
                 A         B        C        D         E       F
            +---------+---------+-------+---------+---------+-------
      Total |     325 |      45 |  12.2 |      70 |       4 |   5.4
            +---------+---------+-------+---------+---------+-------
        D:1 |      31 |       0 |   0.0 |      19 |       0 |   0.0
        D:2 |     121 |      30 |  19.9 |      18 |       1 |   5.3
        D:3 |      84 |      15 |  15.2 |      28 |       3 |   9.7
        D:4 |      89 |       0 |   0.0 |       5 |       0 |   0.0
            +---------+---------+-------+---------+---------+-------
